 Dungeon Crawl Stone Soup version 0.30-b1-2-g02819fbbbe (webtiles) character file.

Game seed: 3545594692039537724

390 prikolics the Grasshopper (level 6, 0/56 HPs)
             Began as a Naga Warper on Aug 10, 2023.
             Was an Initiate of Cheibriados.
             Slain by a water moccasin (6 damage)
             ... on level 5 of the Dungeon.
             The game lasted 00:29:41 (3524 turns).

prikolics the Grasshopper (Naga Warper)             Turns: 3524, Time: 00:29:42

Health: 0/56       AC:  4    Str: 15    XL:     6   Next: 80%
Magic:  8/10       EV:  9    Int: 16    God:    Cheibriados [......]
Gold:   278        SH:  0    Dex: 11    Spells: 7/10 levels left

rFire   . . .        n - +0 trident
rCold   . . .        (no shield)
rNeg    + . .        b - +0 leather armour
rPois   +            (no helmet)
rElec   .            i - +0 cloak
rCorr   .            (no gloves)
SInv    +            (no barding)
Will    .....        (no amulet)
Stlth   ++           s - ring of positive energy
HPRegen 0.29/turn    (no ring)
MPRegen 0.12/turn

%: no passive effects
@: invisible, very slow
A: AC +2, large, see invisible, deformed body, poison resistance, slowness 2,
spit poison 1, naga tail 1
a: Spit Poison, Renounce Religion


You were on level 5 of the Dungeon.
You worshipped Cheibriados.
Cheibriados was noncommittal.
You visited 2 branches of the dungeon, and saw 8 of its levels.

You collected 278 gold pieces.

Inventory:

Hand Weapons
 a - a +0 spear
 n - a +0 trident (weapon)
Missiles
 d - 2 boomerangs of dispersal
 o - 29 stones
 B - a boomerang (quivered)
Armour
 b - a +0 leather armour (worn)
 i - a +0 cloak (worn)
Magical Staves
 p - a staff of cold
 z - a staff of conjuration
Jewellery
 s - a ring of positive energy (left hand)
 y - a ring of resist corrosion
Scrolls
 h - a scroll of noise {unknown}
 k - 5 scrolls of identify {unknown}
 l - 2 scrolls of enchant weapon {unknown}
 q - a scroll of torment {unknown}
 r - a scroll of enchant armour {unknown}
 t - a scroll of fear {unknown}
 u - a scroll of fog {unknown}
 w - a scroll of teleportation {unknown}
 x - a scroll of magic mapping {unknown}
Potions
 e - a potion of attraction
 g - a potion of mutation {unknown}
 j - a potion of ambrosia
 m - 2 potions of degeneration {unknown}
 v - a potion of brilliance {unknown}


   Skills:
 + Level 3.1 Fighting
 + Level 3.4 Polearms
 + Level 1.4 Throwing
 - Level 1.5 Armour
 + Level 2.3 Dodging
 * Level 3.9 Stealth
 + Level 2.7 Spellcasting
 * Level 4.1 Translocations


You had 7 spell levels left.
You knew the following spells:

 Your Spells              Type           Power      Damage    Failure   Level
a - Blink                 Tloc           30%        N/A       6%          2
b - Magic Dart            Conj           8%         1d3       24%         1

Your spell library contained the following spells:

 Spells                   Type           Power      Damage    Failure   Level
 Lesser Beckoning         Tloc           30%        N/A       6%          2
 Teleport Other           Tloc           15%        N/A       13%         3
 Vhi's Electric Charge    Tloc/Air       16%        N/A       30%         3
 Call Imp                 Summ           4%         N/A       34%         2
 Sublimation of Blood     Necr           2%         N/A       34%         2
 Wereblood                Tmut           2%         N/A       34%         2
 Manifold Assault         Tloc           15%        N/A       38%         4
 Mephitic Cloud           Conj/Pois/Air  2%         N/A       56%         3
 Animate Dead             Necr           2%         N/A       93%         4
 Borgnjor's Vile Clutch   Necr/Erth      1%         N/A       100%        5
 Death Channel            Necr           1%         N/A       100%        6
 Summon Hydra             Summ           1%         N/A       100%        7


Dungeon Overview and Level Annotations

Branches:
Dungeon (7/15)             Temple (1/1) D:6

Altars:
Ashenzari
Cheibriados
Elyvilon
Fedhas
Hepliaklqana
Kikubaaqudgha
Makhleb
Qazlal
Ru
Sif Muna
Uskayaw
Vehumet
Xom
Yredelemnul
The Shining One


Innate Abilities, Weirdness & Mutations

Your serpentine skin is tough. (AC +2)
You have supernaturally acute eyesight. (SInv)
Armour fits poorly on your strangely shaped body.
Your system is resistant to poisons. (rPois)
You cover ground very slowly.
You can spit poison.
You have a snake-like lower body.


Message History

Press: ? - help, Q - select action, (/) - cycle Shift-Dir - straight line, f/p - water moccasin
Aim: a water moccasin (heavily wounded, wandering, unable to see you, poisoned, hasn't noticed you, 35% to hit)
You throw a poisoned dart.
The poisoned dart closely misses the water moccasin.
Okay, then.
Casting: Blink (safe; 6% risk of failure)
Confirm with . or Enter, or press ? or * to list all spells.
Aiming: Magic Dart (safe; 24% risk of failure)
Press: ? - help, Shift-Dir - straight line, f/p - water moccasin
Aim: a water moccasin (heavily wounded, wandering, unable to see you, poisoned, hasn't noticed you, 100% to hit)
The magic dart hits the water moccasin.
The water moccasin is heavily wounded.
You have got your breath back.
You flicker for a moment.
Aiming: Spit Poison (1% risk of failure)
Press: ? - help, Shift-Dir - straight line, f - you, p - water moccasin
Okay, then.
The water moccasin hisses angrily.
Aiming: Spit Poison (1% risk of failure)
Press: ? - help, Shift-Dir - straight line, f/p - water moccasin
Aim: a water moccasin (heavily wounded, wandering, unable to see you, hasn't noticed you, 37% to hit)
The splash of poison hits the water moccasin.
The water moccasin is heavily wounded.
Throw: boomerang
Press: ? - help, Q - select action, (/) - cycle Shift-Dir - straight line, f/p - water moccasin
Aim: a water moccasin (heavily wounded, wandering, unable to see you, hasn't noticed you, 35% to hit)
You throw a boomerang. The boomerang hits the water moccasin.
The water moccasin is severely wounded.
You flicker back into view.
You fade into invisibility!
The water moccasin closely misses you.
You have got your breath back.
The water moccasin closely misses you. x2
The water moccasin bites you!
* * * LOW HITPOINT WARNING * * *
The water moccasin closely misses you. The water moccasin misses you.
There is a stone staircase leading down here.
The water moccasin completely misses you.
The water moccasin bites you.
You die...

#........###'#######....
#.........#.............
#.........#.............
##.......##.............
#.......##.......##....
#......(###'###########
#........(.(.........>.
#...>..................
#....S@................
#.......##.......##..).
##.......###########....
+.........# #.....
##.......## ##....
#+######.# #####
...S....# .......##
.......


You could see a water moccasin (unable to see you).

Vanquished Creatures
  A sky beast (Temple)
  A scorpion (D:4)
  A jelly (D:4)
  A hound (D:4)
  An iguana (D:4)
  3 gnolls
  4 adders
  A white imp (D:6)
  2 dart slugs
  4 orcs
  9 ball pythons
  5 bats
  2 endoplasms
  5 giant cockroaches
  5 goblins
  9 hobgoblins
  4 jackals (D:1)
  4 kobolds
  2 quokkas
  4 frilled lizards
  3 rats
71 creatures vanquished.

Vanquished Creatures (others)
  A plant (D:5)
1 creature vanquished.

Grand Total: 72 creatures vanquished

Notes
Turn   | Place    | Note
-------+----------+-------------------------------------------
     0 | D:1      | prikolics the Naga Warper began the quest for the Orb.
     0 | D:1      | Reached XP level 1. HP: 19/19 MP: 3/3
   319 | D:1      | Reached XP level 2. HP: 26/26 MP: 5/5
   651 | D:1      | Found a faded altar of an unknown god.
   670 | D:1      | Reached skill level 1 in Armour
   810 | D:1      | Reached XP level 3. HP: 32/32 MP: 6/6
   817 | D:1      | Learned a level 2 spell: Blink
  1711 | D:3      | Reached XP level 4. HP: 28/40 MP: 7/7
  2122 | D:3      | Reached skill level 1 in Stealth
  2229 | D:3      | Found a sacrificial altar of Ru.
  2230 | D:3      | Found a hazy altar of Hepliaklqana.
  2231 | D:3      | Found a shimmering blue altar of Sif Muna.
  2231 | D:3      | Found a white marble altar of Elyvilon.
  2336 | D:3      | Noticed a scorpion
  2435 | D:4      | Noticed a black bear
  2476 | D:4      | Reached XP level 5. HP: 21/46 MP: 8/8
  2667 | D:4      | Reached skill level 1 in Throwing
  2692 | D:4      | Reached XP level 6. HP: 50/55 MP: 2/9
  2948 | D:4      | You fall into a shaft and drop 3 floors!
  2948 | D:7      | Found a radiant altar of Vehumet.
  2956 | D:7      | Noticed a sky beast
  2960 | D:6      | Found a staircase to the Ecumenical Temple.
  2965 | Temple   | Entered the Ecumenical Temple
  2979 | Temple   | Killed a sky beast
  2980 | Temple   | Reached skill level 4 in Translocations
  3138 | Temple   | Became a worshipper of Cheibriados the Contemplative
  3328 | D:5      | Entered Level 5 of the Dungeon
  3428 | D:5      | Learned a level 1 spell: Magic Dart
  3484 | D:5      | Noticed a water moccasin
  3524 | D:5      | Slain by a water moccasin

Illustrated notes

Levels and vault maps discovered:
D:1:      lemuel_arrival_hallway, layout_loops_corners,
          shapermc_ecumenical_altar_pompeii
D:2:      layout_rooms
D:3:      layout_basic, mainiacjoe_overflow_alcove_3
D:4:      minmay_inner_zag, layout_basic, minmay_circle_x
D:5:      layout_gridville, ebering_ghost_sewer_d, serial_shops,
          nicolae_shop_overgrown_old_shop
D:6:      layout_loops_cross, minmay_temple_entry_offerings, uniq_blork_the_orc
D:7:      minmay_s_stair_smasher, layout_loops_ring, lemuel_tele_altar,
          nemelex_xobeh_ov_fountains_minmay, minmay_microvault, uniq_pikel
Temple:   eino_wide_crystal_templ

Skill      XL: |  1  2  3  4  5  6 |
---------------+-------------------+-----
Armour         | 1 |  1.5
Dodging        | 2 |  2.3
Stealth        | 2 3 |  3.9
Polearms       | 3 |  3.4
Throwing       | 1 |  1.4
Fighting       | 3 |  3.1
Translocations | 4 |  4.1
Spellcasting   | |  2.7

Action                     |  1- 3 |  4- 6 || total
---------------------------+-------+-------++-------
  Melee: Spear             |    65 |       ||    65
         Trident           |    57 |    80 ||   137
  Throw: Boomerang         |       |     6 ||     6
         Dart              |       |    23 ||    23
         Stone             |       |     8 ||     8
   Cast: Blink             |     3 |    18 ||    21
         Magic Dart        |       |     1 ||     1
Ability: Spit Poison       |    30 |    52 ||    82
    Use: Scroll            |     1 |       ||     1
         Potion            |       |     8 ||     8
   Stab: Sleeping          |       |     1 ||     1
 Armour: Leather armour    |    30 |    17 ||    47
  Dodge: Dodged            |    57 |    61 ||   118
